 Dungeon Crawl Stone Soup version 0.26.1-2-gb8aa6d0cf2 (webtiles) character file.

Game seed: 16321425626176177266

1537 jlumianski the Chopper (level 8, -3/72 HPs)
             Began as a Palentonga Fighter on Feb 17, 2021.
             Killed from afar by Maggie (29 damage)
             ... with a bolt of fire
             ... on level 7 of the Dungeon.
             The game lasted 00:24:29 (6362 turns).

jlumianski the Chopper (Palentonga Fighter)         Turns: 6362, Time: 00:24:32

Health: -3/72      AC: 17    Str: 21    XL:     8   Next: 56%
Magic:  8/8        EV:  4    Int:  8    God:
Gold:   203        SH:  9    Dex: 11    Spells: 7/7 levels left

rFire    . . .     SeeInvis +   a - +0 war axe
rCold    . . .     Faith    .   c - +0 kite shield
rNeg     . . .     Spirit   .   i - +0 chain mail
rPois    .         Reflect  .   (no helmet)
rElec    .         Harm     .   o - +0 cloak
rCorr    .         Rampage  .   f - +0 pair of gloves
Will     .....                  (no barding)
Stlth    ..........             (no amulet)
HPRegen  0.22/turn              d - ring of flight
MPRegen  0.11/turn              (no ring)

@: mighty, mesmerised, curled up
A: large, rugged brown scales 3, see invisible, deformed body, roll 1, armoured
tail, reflexive curl
a: Rolling Charge, Evoke Flight


You were on level 7 of the Dungeon.
You visited 2 branches of the dungeon, and saw 8 of its levels.
You also visited: Sewer.

You collected 203 gold pieces.

Inventory:

Hand Weapons
 a - a +0 war axe (weapon)
Missiles
 l - 33 poisoned darts (quivered)
 n - 154 stones
 u - 8 boomerangs
Armour
 b - a +0 scale mail
 c - a +0 kite shield (worn)
 e - a +0 plate armour
 f - a +0 pair of gloves (worn)
 i - a +0 chain mail (worn)
 o - a +0 cloak (worn)
 B - a +2 plate armour of poison resistance
Jewellery
 d - a ring of flight (left hand)
 p - a cursed ring of teleportation
 q - an uncursed amulet of magic regeneration
 D - an uncursed ring of protection from fire {unknown}
Wands
 g - a wand of flame (16)
 s - a wand of digging (6)
 t - a wand of acid (5)
Scrolls
 m - 2 scrolls of fear
 r - a scroll of teleportation
 x - a scroll of magic mapping
 y - 2 scrolls of amnesia
 C - a scroll of fog {unknown}
Potions
 h - 2 potions of flight
 j - a potion of attraction {unknown}
 v - 5 potions of curing
 w - a potion of brilliance
 z - 4 potions of heal wounds
 A - a potion of degeneration {unknown}


   Skills:
 + Level 5.1 Fighting
 + Level 7.7 Axes
 + Level 4.1 Armour
 + Level 1.5 Dodging
 + Level 4.4 Shields


You had 7 spell levels left.
You didn't know any spells.
Your spell library was empty.

Dungeon Overview and Level Annotations

Branches:
Dungeon (7/15)             Temple (1/1) D:5           Sewer (visited)

Altars:
Ashenzari
Cheibriados
Fedhas
Gozag
Hepliaklqana
Kikubaaqudgha
Nemelex Xobeh
Qazlal
Ru
Sif Muna
Trog
Vehumet
Wu Jian
Yredelemnul

Shops:
D:4 [   D:5 }

Annotations:
D:7 Maggie


Innate Abilities, Weirdness & Mutations

You are completely covered in rugged brown scales. (AC +3, +7% HP)
You have supernaturally acute eyesight. (SInv)
Armour fits poorly on your strangely shaped body.
You can roll at nearby foes to attack.
You have a long armoured tail.
You curl defensively after being hit.


Message History

Maggie is moderately wounded.
You slash the giant cockroach!
You kill the giant cockroach!
Maggie gestures at you while chanting. The bolt of fire hits you!!
You barely miss Maggie. You tail-slap Maggie.
Maggie is moderately wounded.
Maggie hits you with a +0 glaive.
You slash Maggie! You tail-slap Maggie!
Maggie is almost dead.
You block Maggie's attack.
You closely miss Maggie. You tail-slap Maggie!
Maggie is almost dead.
You block Maggie's attack.
You barely miss Maggie.
Maggie is almost dead.
Maggie mutters to herself, "Master Lance won't take me back.
This is the way forward."
Maggie casts a spell at you. The bolt of fire hits you!!
You die...

#.$.....#
#.#...#.#
#.../...#
#####.......
###.<.# ..$.. #
#...###.#...#.#
#.###.#.#
#..†@..(#
#.......######@#
#####.#........#
#.###.#...........
# ........#######
###.#.##.#
#.#.##.# #......#
###.#### #.#


You could see Maggie (mesmerising).

Vanquished Creatures
  An ogre (D:4)
  An ice beast (D:5)
  A sky beast (D:4)
  3 big kobolds (Sewer)
  A bullfrog (D:7)
  A scorpion (D:4)
  A howler monkey (D:4)
  2 bullfrog zombies (D:5)
  4 hounds
  An orc wizard (D:6)
  A centaur skeleton (D:4)
  An iguana (D:4)
  7 worker ants
  A hound zombie (D:5)
  10 adders
  4 gnolls (D:4)
  4 river rats (Sewer)
  A shadow imp (D:5)
  3 white imps
  3 adder zombies
  2 adder skeletons
  11 worms
  2 dart slugs
  5 leopard geckos
  11 orcs
  5 ball pythons
  10 bats
  6 giant cockroaches
  10 goblins
  10 hobgoblins
  5 jackals
  20 kobolds
  3 quokkas
  A ball python skeleton (D:4)
  6 frilled lizards
  27 rats
185 creatures vanquished.

Vanquished Creatures (others)
  A sky beast (D:6)
1 creature vanquished.

Grand Total: 186 creatures vanquished

Notes
Turn   | Place    | Note
-------+----------+-------------------------------------------
     0 | D:1      | jlumianski the Palentonga Fighter began the quest for the
                  | Orb.
     0 | D:1      | Reached XP level 1. HP: 20/20 MP: 1/1
    50 | D:2      | Reached XP level 2. HP: 9/27 MP: 2/2
   300 | D:2      | Found a shimmering blue altar of Sif Muna.
   512 | D:1      | Reached XP level 3. HP: 33/33 MP: 3/3
   716 | D:1      | Reached skill level 3 in Axes
  1415 | D:2      | Reached XP level 4. HP: 38/40 MP: 4/4
  1500 | D:2      | Found a broken altar of Ashenzari.
  2296 | D:3      | Reached skill level 4 in Axes
  2296 | D:3      | Reached XP level 5. HP: 26/48 MP: 5/5
  2745 | D:4      | Found Ehuurefi's Armour Boutique.
  2902 | D:4      | Noticed an ogre
  2954 | D:3      | Reached XP level 6. HP: 52/55 MP: 6/6
  3283 | D:5      | Entered Level 5 of the Dungeon
  3286 | D:5      | Reached skill level 5 in Axes
  3286 | D:5      | Reached skill level 1 in Dodging
  3296 | D:5      | Found a radiant altar of Vehumet.
  3306 | D:5      | Noticed an ice beast
  3321 | D:5      | Killed an ice beast
  3338 | D:5      | Found a staircase to the Ecumenical Temple.
  3375 | D:4      | Gained mutation: You curl defensively after being hit.
                  | [Palentonga growth]
  3375 | D:4      | Reached XP level 7. HP: 37/63 MP: 7/7
  3742 | D:5      | Reached skill level 6 in Axes
  4074 | Temple   | Entered the Ecumenical Temple
  4443 | D:6      | Reached XP level 8. HP: 46/71 MP: 8/8
  4498 | D:6      | Found a glowing drain.
  4531 | Sewer    | Entered a sewer
  4711 | Sewer    | Reached skill level 7 in Axes
  5420 | D:5      | Found Xifajoz's Gadget Emporium.
  5469 | D:5      | Reached skill level 5 in Fighting
  5703 | D:4      | Found a sparkling altar of Nemelex Xobeh.
  5703 | D:4      | Found a transporter.
  6351 | D:7      | Noticed Maggie
  6362 | D:7      | Killed from afar by Maggie

Illustrated notes

Levels and vault maps discovered:
D:1:      tarquinn_simple_flora_water_a, layout_rooms, st_stairs_5,
          grunt_decor_one_mirror
D:2:      layout_loops_cross, nicolae_overflow_crystal_walls,
          lemuel_doored_altar, hangedman_decor_points
D:3:      minmay_octagon_keep, layout_basic
D:4:      layout_loops_ring, serial_shops, shop_fountains,
          chequers_hall_statues_wall_a, kennysheep_path_1,
          grunt_nemelex_the_gamble
D:5:      layout_cave_pools, vehumet_altar_wand_db,
          minmay_temple_entry_overgrown, serial_shops, shop_statue
D:6:      minmay_diamond_boxcup, layout_basic, kennysheep_mini,
          cheibrodos_sewer_entry_bend, item_on_display_a
D:7:      layout_loops_corners, kennysheep_little_box,
          hellmonk_ghost_happy_afterlife, kennysheep_small_square, uniq_maggie
Temple:   minmay_temple_curvy_loop

Skill      XL: |  1  2  3  4  5  6  7  8 |
---------------+-------------------------+-----
Axes           | 3 4 5 6 7 |  7.7
Shields        | 3 4 |  4.4
Armour         | 3 4 |  4.1
Dodging        | 1 |  1.5
Fighting       | 4 5 |  5.1

Action                   |  1- 3 |  4- 6 |  7- 9 || total
-------------------------+-------+-------+-------++-------
Melee: War axe           |   128 |   193 |   238 ||   559
       Tailslap          |    14 |    19 |    28 ||    61
Throw: Dart              |     2 |     2 |     2 ||     6
 Abil: Rolling Charge    |    18 |    22 |    20 ||    60
  Use: Scroll            |       |     5 |     5 ||    10
       Potion            |       |       |     6 ||     6
Armor: Scale mail        |    10 |       |       ||    10
       Chain mail        |    56 |   133 |   144 ||   333
Dodge: Dodged            |    21 |    35 |    39 ||    95
Block: Kite shield       |    66 |   118 |   108 ||   292
